Map: Triton LE

Players

Armani

  • Race: Zerg Zerg
  • Spawn Location: 5:00

ShoWTimE - Winner!

  • Race: Protoss Protoss
  • Spawn Location: 11:00

Event: IEM Katowice 2020

VOD

Have the link to the VOD?

Description

Time

  • Played on: Feb. 27, 2020, 12:10 p.m.
  • Length: 21:47

All games in this series

Show
View Real Time Build Order
Export as new Build Order

Armani Zerg 

Build Orders: Hatch First, Lurkers 

Get SALT Encoding   

  12  0:00  Drone  
  13  0:12  Overlord  
  13  0:18  Drone  
  14  0:31  Drone x2  
  16  0:47  Hatchery  
  15  0:51  Drone  
  15  0:54  Drone  
  17  0:58  Drone  
  18  1:09  Extractor  
  17  1:13  Spawning Pool  
  17  1:15  Drone  
  17  1:18  Drone  
  18  1:29  Drone  
  19  1:40  Drone  
  20  1:56  Overlord  
  20  1:59  Queen  
  20  2:00  Zergling x4, Queen  
  26  2:10  Metabolic Boost  
  26  2:12  Drone x2  
  28  2:23  Drone  
  28  2:24  Drone  
  30  2:37  Hatchery  
  30  2:42  Queen  
  31  2:45  Drone  
  31  2:48  Drone  
  31  2:50  Drone  
  34  2:53  Overlord  
  34  2:56  Drone  
  35  2:58  Drone  
  36  3:13  Drone x5  
  36  3:15  Drone  
  36  3:18  Spore Crawler  
  41  3:20  Queen  
  41  3:23  Drone  
  44  3:29  Evolution Chamber  
  44  3:30  Overlord  
  43  3:35  Overlord  
  43  3:37  Drone  
  44  3:49  Drone  
  44  3:50  Spore Crawler, Queen  
  44  3:51  Drone  
  44  3:52  Drone x3  
  44  3:55  Zerg Melee Weapons Level 1  
  50  4:02  Overlord  
  50  4:03  Overlord  
  50  4:04  Drone  
  50  4:05  Drone  
  50  4:06  Drone  
  50  4:08  Drone  
  54  4:10  Drone  
  54  4:11  Drone  
  54  4:14  Drone  
  54  4:15  Drone  
  58  4:24  Zergling x2  
  58  4:25  Zergling x6  
  58  4:30  Baneling Nest  
  60  4:35  Zergling x12  
  66  4:41  Overlord  
  66  4:43  Overlord  
  66  4:50  Drone x3  
  66  4:51  Drone  
  65  4:52  Spore Crawler  
  65  4:53  Drone  
  66  5:01  Drone x4  
  66  5:02  Drone  
  66  5:03  Lair  
  66  5:04  Drone x3  
  66  5:06  Drone  
  75  5:10  Spore Crawler, Drone  
  75  5:11  Drone  
  76  5:18  Drone  
  76  5:19  Drone  
  76  5:20  Drone  
  76  5:21  Drone  
  76  5:22  Extractor  
  76  5:23  Extractor, Drone  
  76  5:25  Drone  
  71  5:32  Overlord  
  70  5:36  Zergling x16, Hatchery  
  77  5:43  Drone  
  77  5:44  Overlord  
  77  5:45  Extractor x2, Overlord  
  76  5:51  Overlord  
  76  5:52  Drone  
  76  5:53  Drone  
  76  5:55  Extractor, Drone x2  
  79  5:57  Overlord  
  79  6:00  Centrifical Hooks  
  78  6:05  Hatchery  
  78  6:07  Zergling x14  
  78  6:10  Drone  
  82  6:15  Hydralisk Den  
  79  6:19  Drone  
  79  6:22  Drone  
  79  6:23  Drone x2  
  80  6:27  Drone x2  
  80  6:30  Drone  
  80  6:31  Drone  
  80  6:32  Drone  
  84  6:38  Overseer  
  84  6:40  Spore Crawler  
  84  6:43  Drone x2  
  84  6:44  Drone, Overlord  
  84  6:46  Grooved Spines  
  86  6:52  Hydralisk x5  
  95  6:59  Hydralisk x2  
  91  7:02  Drone x3  
  94  7:09  Drone x2  
  94  7:13  Hydralisk, Zerg Melee Weapons Level 2  
  98  7:16  Hydralisk  
  98  7:19  Drone x3  
  98  7:22  Queen  
  105  7:28  Drone x2  
  107  7:30  Hydralisk x2  
  111  7:37  Drone  
  111  7:39  Drone x3  
  111  7:41  Overseer  
  111  7:43  Drone x3  
  118  7:44  Drone x3  
  118  7:46  Drone x3  
  124  7:51  Hydralisk x2  
  124  7:52  Hydralisk  
  124  7:57  Muscular Augments  
  130  8:03  Overlord x4  
  129  8:08  Overlord  
  125  8:21  Baneling  
  125  8:22  Baneling x9  
  125  8:23  Zergling x24  
  139  8:29  Hydralisk x2  
  139  8:30  Overseer  
  141  8:36  Hatchery  
  140  8:43  Zergling x18  
  146  8:56  Zergling x14, Infestation Pit  
  152  9:04  Overlord x2  
  152  9:05  Hatchery  
  152  9:06  Overlord  
  152  9:08  Overlord  
  152  9:09  Overseer  
  151  9:10  Baneling x5  
  151  9:11  Overlord  
  151  9:16  Baneling x7  
  151  9:17  Baneling x2  
  151  9:19  Zergling x4  
  153  9:28  Zergling x14  
  153  9:29  Zergling x2  
  153  9:30  Zerg Missile Weapons Level 1  
  158  9:43  Hive  
  158  9:44  Drone  
  154  9:46  Lurker Den, Hydralisk x5  
  154  9:49  Drone  
  154  9:50  Drone x2  
  154  9:51  Extractor  
  166  9:52  Drone  
  166  9:54  Extractor, Drone x2  
  166  9:55  Drone  
  166  9:56  Drone  
  167  10:03  Drone x2  
  167  10:04  Drone x2  
  167  10:05  Queen  
  173  10:07  Spine Crawler  
  173  10:12  Zergling x12  
  163  10:15  Baneling x12  
  163  10:20  Drone  
  164  10:22  Zergling x12  
  170  10:29  Baneling x3  
  170  10:32  Drone  
  170  10:35  Spire  
  170  10:37  Drone  
  170  10:38  Drone x4  
  170  10:41  Baneling x8  
  168  10:43  Zergling x2  
  168  10:44  Zergling x14  
  168  10:49  Spine Crawler  
  176  10:50  Drone x3  
  176  10:52  Drone  
  179  10:57  Seismic Spines  
  179  10:59  Adrenal Glands  
  179  11:02  Evolution Chamber  
  177  11:08  Hydralisk x6  
  184  11:18  Pneumatized Carapace  
  182  11:21  Drone  
  183  11:28  Zergling x24  
  183  11:29  Zergling x6  
  183  11:30  Hatchery  
  197  11:36  Extractor x2  
  197  11:38  Lurker x3  
  197  11:39  Lurker x2  
  198  11:40  Overlord x3  
  198  11:41  Overlord  
  198  11:42  Overlord  
  198  11:44  Overlord  
  198  11:45  Overlord  
  198  11:46  Overlord  
  198  11:48  Zerg Missile Weapons Level 2, Zerg Flyer Weapons Level 1  
  198  11:53  Zerg Melee Weapons Level 3  
  198  11:55  Adaptive Talons  
  198  12:00  Lurker x2  
  199  12:27  Baneling x16  
  197  12:31  Drone x4  
  191  12:41  Hatchery  
  176  12:49  Overseer x2  
  151  12:52  Corruptor x14  
  173  13:05  Hydralisk x7  
  173  13:07  Zergling x26  
  200  13:16  Baneling x12  
  200  13:20  Overseer  
  200  13:33  Hatchery  
  198  13:43  Spine Crawler  
  198  13:45  Spine Crawler  
  198  13:47  Zergling x8  
  200  13:54  Baneling x11  
  178  14:14  Lurker x3  
  178  14:15  Lurker x5  
  178  14:16  Zergling x36  
  174  14:28  Corruptor x8  
  178  14:34  Overseer  
  178  14:35  Overseer x2  
  178  14:37  Corruptor  
  178  14:39  Zergling x36  
  178  14:40  Drone  
  178  14:41  Extractor x2  
  195  14:47  Baneling x12  
  195  14:51  Zergling x8  
  199  15:03  Spine Crawler x2  
  199  15:06  Zerg Missile Weapons Level 3  
  197  15:07  Zerg Ground Armor Level 1  
  197  15:10  Baneling  
  197  15:11  Baneling x11  
  139  15:34  Hydralisk  
  139  15:35  Hydralisk x11  
  127  15:39  Zergling x2  
  127  15:40  Zergling x8  
  134  15:44  Hydralisk x2  
  134  15:47  Zergling x4  
  140  15:56  Zergling x18  
  145  15:58  Overseer  
  142  16:06  Zergling x16  
  150  16:16  Viper x3  
  159  16:23  Lurker x7  
  159  16:24  Lurker  
  149  16:33  Hydralisk x3  
  149  16:34  Drone  
  149  16:39  Zergling x2  
  158  16:40  Zergling x6  
  155  16:49  Drone  
  155  16:50  Drone x7  
  153  16:58  Zergling x10  
  153  17:02  Drone  
  153  17:03  Drone x3  
  156  17:11  Spine Crawler  
  156  17:13  Overseer  
  156  17:15  Lurker x5  
  160  17:16  Lurker  
  154  17:30  Zergling x22  
  153  17:48  Zergling x24  
  139  18:03  Drone x4  
  140  18:07  Corruptor  
  140  18:11  Corruptor  
  140  18:12  Corruptor x2  
  131  18:22  Baneling x6  
  121  18:32  Corruptor  
  121  18:33  Corruptor x2  
  125  18:37  Zergling x2  
  125  18:38  Zergling x8  
  115  18:56  Hydralisk x5  
  125  19:06  Drone x6  
  131  19:10  Spore Crawler  
  131  19:16  Drone  
  131  19:25  Corruptor x3  
  131  19:30  Zerg Flyer Weapons Level 2  
  137  19:42  Zergling x16  
  145  19:50  Lurker x5  
  150  19:55  Corruptor  
  150  19:58  Drone x2  
  153  20:00  Extractor x2, Drone  
  153  20:06  Corruptor  
  154  20:18  Corruptor x2  
  157  20:22  Drone x2  
  155  20:34  Corruptor x2  
  159  20:36  Overlord  
  159  20:40  Overlord  
  159  20:41  Overlord  
  159  20:49  Drone  
  153  21:05  Drone  
  153  21:09  Hydralisk x6  
  164  21:14  Drone x2  
  165  21:21  Overseer  
  165  21:24  Zergling x10  
Show
View Real Time Build Order
Export as new Build Order

ShoWTimE Protoss - Winner!

Build Orders: 1 Gate Expand, Oracle Opening, Phoenix Opening, Carriers, Zealot Archon 

Get SALT Encoding   

  12  0:00  Probe  
  13  0:12  Probe  
  14  0:17  Pylon  
  14  0:24  Probe (Chrono Boost)  
  15  0:37  Probe (Chrono Boost), Gateway  
  16  0:45  Probe (Chrono Boost)  
  16  0:46  Assimilator  
  17  0:51  Probe  
  18  1:03  Probe  
  19  1:15  Probe  
  20  1:24  Nexus  
  20  1:27  Probe  
  21  1:36  Cybernetics Core  
  21  1:41  Assimilator  
  21  1:45  Probe  
  22  1:52  Pylon  
  22  1:57  Probe  
  23  2:10  Probe, Adept (Chrono Boost)  
  23  2:14  Stargate  
  26  2:22  Probe  
  26  2:23  Warp Gate  
  27  2:33  Adept  
  27  2:35  Probe (Chrono Boost)  
  27  2:36  Probe (Chrono Boost)  
  32  2:45  Probe (Chrono Boost)  
  32  2:46  Probe (Chrono Boost)  
  32  2:50  Probe (Chrono Boost)  
  32  2:51  Probe (Chrono Boost)  
  33  2:58  Phoenix (Chrono Boost)  
  37  3:01  Probe  
  37  3:04  Probe  
  39  3:05  Pylon  
  39  3:13  Probe  
  39  3:16  Probe  
  41  3:22  Oracle (Chrono Boost)  
  41  3:25  Probe  
  45  3:28  Probe  
  45  3:30  Gateway  
  45  3:33  Assimilator  
  46  3:35  Assimilator  
  46  3:37  Probe, Pylon  
  46  3:40  Probe  
  48  3:49  Probe, Oracle (Chrono Boost)  
  48  3:52  Probe  
  53  4:01  Probe  
  53  4:02  Robotics Facility  
  54  4:04  Probe, Pylon  
  55  4:11  Adept  
  55  4:13  Probe  
  55  4:16  Probe, Oracle (Chrono Boost)  
  62  4:25  Adept  
  62  4:26  Probe  
  62  4:28  Probe  
  66  4:32  Pylon  
  66  4:37  Nexus  
  66  4:39  Probe  
  66  4:41  Probe  
  66  4:43  Pylon  
  68  4:52  Probe  
  69  4:53  Probe  
  69  4:57  Observer  
  69  4:58  Adept x2  
  69  4:59  Shield Battery  
  75  5:04  Probe  
  75  5:05  Probe  
  77  5:10  Forge  
  77  5:11  Twilight Council  
  77  5:16  Probe  
  77  5:17  Probe, Pylon  
  79  5:28  Probe  
  80  5:31  Probe  
  80  5:33  Gateway, Immortal (Chrono Boost)  
  80  5:34  Gateway  
  81  5:41  Sentry x2  
  81  5:42  Probe  
  90  5:46  Protoss Ground Weapons Level 1 (Chrono Boost)  
  90  5:47  Charge  
  90  5:49  Probe  
  91  5:54  Templar Archives  
  91  5:56  Probe  
  92  5:57  Probe  
  92  5:58  Assimilator  
  92  6:01  Probe  
  92  6:03  Assimilator  
  94  6:08  Probe  
  94  6:09  Probe  
  96  6:13  Probe, Immortal (Chrono Boost)  
  96  6:17  Sentry x2  
  101  6:20  Probe  
  101  6:21  Probe  
  101  6:25  Probe  
  102  6:32  Probe  
  99  6:33  Probe  
  99  6:34  Gateway  
  99  6:36  Zealot x2  
  99  6:37  Probe  
  99  6:39  Gateway  
  105  6:41  Gateway  
  105  6:42  Pylon  
  105  6:44  Probe  
  106  6:53  Pylon  
  106  6:54  Warp Prism (Chrono Boost)  
  105  7:08  High Templar x4  
  105  7:10  Photon Cannon  
  105  7:13  Archon x2  
  105  7:14  Gateway  
  113  7:17  Gateway x2  
  113  7:25  Immortal (Chrono Boost)  
  113  7:26  Photon Cannon  
  117  7:30  Photon Cannon  
  117  7:34  Psionic Storm  
  117  7:36  Zealot x3  
  123  7:40  Zealot  
  125  7:45  Pylon x2  
  125  7:46  Pylon  
  125  7:56  Nexus  
  125  8:00  Pylon  
  125  8:01  Protoss Ground Weapons Level 2 (Chrono Boost)  
  125  8:02  Zealot x2  
  125  8:03  Zealot x4  
  135  8:08  Zealot  
  137  8:21  Probe x3  
  140  8:29  Assimilator  
  140  8:31  Assimilator  
  140  8:33  Probe x2  
  142  8:35  Zealot x7  
  142  8:36  Photon Cannon  
  142  8:38  Photon Cannon  
  157  8:41  Probe  
  157  8:47  High Templar x2  
  155  8:48  High Templar  
  155  8:51  Pylon  
  155  8:52  Pylon  
  155  8:54  Photon Cannon  
  155  8:55  Photon Cannon  
  157  9:08  Pylon, High Templar x3  
  163  9:10  High Templar  
  163  9:11  Zealot x3  
  171  9:23  Gateway  
  171  9:24  Gateway  
  171  9:25  High Templar x3  
  171  9:27  Gateway  
  171  9:30  Archon  
  177  9:31  High Templar  
  177  9:38  Probe x2  
  175  9:40  Fleet Beacon, Zealot  
  175  9:43  High Templar x2, Zealot x2  
  175  9:48  Archon  
  175  9:53  Photon Cannon  
  175  9:56  Zealot  
  177  10:02  Pylon  
  177  10:04  Zealot x6  
  177  10:16  Zealot x4  
  185  10:21  Stargate  
  185  10:22  Zealot x3  
  185  10:24  Mothership (Chrono Boost)  
  185  10:25  Zealot  
  199  10:32  Protoss Ground Weapons Level 3 (Chrono Boost)  
  199  10:41  Carrier (Chrono Boost)  
  183  10:48  Protoss Air Weapons Level 1 (Chrono Boost)  
  189  10:50  Zealot x5  
  189  10:51  Stargate  
  185  11:11  High Templar x3  
  185  11:12  High Templar  
  185  11:15  Archon, Nexus  
  185  11:16  Archon  
  193  11:22  Carrier (Chrono Boost)  
  189  11:35  Carrier (Chrono Boost)  
  199  11:43  Carrier (Chrono Boost)  
  199  11:46  Photon Cannon  
  199  11:48  Photon Cannon  
  199  11:49  Photon Cannon  
  199  11:51  Pylon, Shield Battery  
  199  11:58  Shield Battery  
  199  12:01  Pylon, Shield Battery  
  199  12:02  Pylon  
  199  12:04  Assimilator  
  199  12:08  Assimilator  
  195  12:21  Cybernetics Core  
  195  12:23  Photon Cannon  
  195  12:25  Photon Cannon  
  195  12:27  Photon Cannon  
  195  12:28  Shield Battery, Carrier (Chrono Boost)  
  188  12:41  Zealot x7  
  185  12:45  Carrier (Chrono Boost)  
  185  12:51  Zealot x5  
  189  12:54  Carrier (Chrono Boost)  
  177  13:00  High Templar  
  177  13:02  Probe  
  177  13:03  Probe  
  177  13:05  Pylon  
  181  13:16  Protoss Air Armor Level 1 (Chrono Boost)  
  181  13:17  Assimilator  
  181  13:18  Protoss Air Weapons Level 2 (Chrono Boost)  
  181  13:19  Probe x2  
  183  13:21  High Templar x3  
  183  13:22  High Templar  
  183  13:23  Carrier  
  183  13:25  Archon  
  183  13:26  Archon  
  197  13:30  Photon Cannon  
  197  13:33  Unknown  
  193  13:41  Photon Cannon  
  193  13:44  Photon Cannon  
  193  13:46  High Templar  
  193  13:47  High Templar, Zealot  
  197  13:51  Archon  
  197  13:54  Photon Cannon  
  197  13:55  Shield Battery  
  197  13:58  Observer  
  192  14:08  Zealot x4  
  192  14:09  Zealot x3  
  166  14:23  Zealot x2  
  166  14:24  Zealot x4  
  166  14:28  Void Ray (Chrono Boost)  
  162  14:33  Stalker x2  
  162  14:35  High Templar x2  
  170  14:40  Archon, Void Ray (Chrono Boost)  
  170  14:45  Void Ray (Chrono Boost)  
  178  14:54  High Templar x4  
  178  14:59  High Templar x3  
  192  15:00  High Templar  
  192  15:01  Zealot x3  
  192  15:04  Archon x2  
  200  15:17  Archon  
  200  15:19  Zealot x2  
  176  15:23  Zealot x3, Nexus  
  170  15:31  Zealot  
  170  15:32  Zealot  
  170  15:33  Zealot x4  
  148  15:39  Void Ray  
  148  15:40  High Templar x3  
  148  15:41  High Templar  
  160  15:44  Archon  
  160  15:46  Archon  
  160  15:47  High Templar x3  
  166  15:54  High Templar x2  
  166  15:58  Pylon  
  166  16:02  Carrier  
  170  16:10  Zealot x4  
  170  16:25  Zealot x5  
  178  16:27  Protoss Air Weapons Level 3 (Chrono Boost)  
  178  16:31  Carrier (Chrono Boost)  
  184  16:43  Assimilator  
  184  16:47  Assimilator  
  184  16:48  High Templar  
  184  16:49  High Templar, Zealot x5  
  184  16:51  Photon Cannon  
  184  16:52  Protoss Shields Level 1 (Chrono Boost)  
  184  16:53  Archon  
  196  16:57  Carrier (Chrono Boost)  
  190  17:03  Zealot x2  
  190  17:08  Carrier (Chrono Boost)  
  190  17:14  Zealot x2  
  196  17:48  Zealot x3  
  182  18:00  Zealot x9  
  196  18:08  Photon Cannon  
  196  18:11  Photon Cannon  
  154  18:22  High Templar x4  
  154  18:23  Zealot x5  
  170  18:27  Archon x2  
  169  18:36  Zealot x4  
  169  18:51  Nexus  
  169  18:53  Carrier (Chrono Boost)  
  163  18:56  High Templar x6  
  163  18:57  High Templar x3  
  163  19:02  Archon x3  
  181  19:03  High Templar  
  181  19:04  High Templar  
  181  19:08  Archon  
  185  19:17  Photon Cannon  
  185  19:18  Pylon  
  185  19:21  Assimilator, Zealot x2  
  189  19:28  Protoss Air Armor Level 2 (Chrono Boost)  
  189  19:29  Zealot x2  
  193  19:45  Carrier (Chrono Boost)  
  199  19:54  Photon Cannon  
  199  19:57  Photon Cannon  
  199  19:59  Pylon  
  197  20:02  Zealot  
  197  20:04  Observer (Chrono Boost)  
  200  20:26  Nexus  
  200  20:29  Pylon  
  188  21:26  Zealot x6  
  188  21:29  Zealot x2  
  200  21:44  Archon  

Tags
 
Add a new tag
Caveats
  • Supply blocks, unpowered buildings, or Contaminate may cause inaccurate times.
  • Supply counts are checked every 10 seconds.